 Dungeon Crawl Stone Soup version 0.30-a0-802-gb92711bcdf (console) character file.

Game seed: 5181661217121885569

175 petzl the Sneak (level 5, -2/42 HPs)
             Began as a Formicid Delver on Feb 24, 2023.
             Slain by a gnoll
             ... wielding a +0 flail
              (10 damage)
             ... on level 6 of the Dungeon.
             The game lasted 00:04:04 (674 turns).

petzl the Sneak (Formicid Delver)                    Turns: 674, Time: 00:04:05

Health: -2/42      AC:  3    Str: 16    XL:     5   Next: 86%
Magic:  10/10      EV: 12    Int: 12    God:
Gold:   43         SH:  0    Dex: 15    Spells: 11/11 levels left

rFire   . . .      SeeInvis +    a - +0 mace
rCold   . . .      Faith    .    (no shield)
rNeg    + . .      Spirit   .    b - +0 leather armour
rPois   .          Reflect  .    (helmet unavailable)
rElec   .          Harm     .    (no cloak)
rCorr   .          Rampage  .    (no gloves)
Will    .....                    (no boots)
Stlth   +++                      (no amulet)
HPRegen 0.27/turn                k - ring of positive energy
MPRegen 0.12/turn                (no ring)

@: no status effects
A: permanent stasis, dig shafts and tunnels, antennae 3, four strong arms
a: Dig, Shaft Self


You were on level 6 of the Dungeon.
You visited 1 branch of the dungeon, and saw 3 of its levels.

You collected 43 gold pieces.

Inventory:

Hand Weapons
 a - a +0 mace (weapon)
Missiles
 i - 6 stones
Armour
 b - a +0 leather armour (worn)
Jewellery
 k - a ring of positive energy (left hand)
Wands
 f - a wand of digging (3)
Scrolls
 c - a scroll of fog
 d - a scroll of magic mapping
 e - a scroll of fear
 l - a scroll of poison {unknown}
Potions
 g - 2 potions of brilliance {unknown}
 h - a potion of degeneration {unknown}
 j - a potion of might {unknown}


   Skills:
 - Level 3.7 Fighting
 - Level 2.4 Maces & Flails
 - Level 2.2 Dodging
 - Level 6.3 Stealth
 + Level 3.9 Spellcasting


You had 11 spell levels left.
You didn't know any spells.
Your spell library was empty.

Dungeon Overview and Level Annotations

Branches:
Dungeon (6/15)
 Temple: D:4-7

Altars:
Makhleb

Annotations:
D:4 exclusion: downstairs
D:5 exclusions: downstairs, scorpion and upstairs
D:6 exclusion: upstairs


Innate Abilities, Weirdness & Mutations

You cannot be hasted, slowed, berserked, paralysed or teleported.
You can dig through walls and to a lower floor.
You have a pair of large antennae on your head. (SInv)
Your four strong arms can wield two-handed weapons with a shield.


Message History

A gnoll comes into view. It is wielding a +0 flail.
You climb upwards.
Level annotation: exclusions: downstairs and upstairs
Found an iron ring and a scroll labelled WYLODIGUNG.
There is a stone staircase leading down here.
Found a scroll labelled ZYRYRRIGYTIT.
k - a ring of positive energy
k - a ring of positive energy (left hand)
A scorpion comes into view.
You see here a scroll labelled WYLODIGUNG.
l - a scroll labelled WYLODIGUNG Placed new exclusion.
Press: ? - help, v - describe, . - travel The floor.
Found a stone staircase leading down.
Found a scroll labelled XYWKIMYOJI.
There is a stone staircase leading down here.
You climb downwards.
Found a lumpy inky potion.
There is a stone staircase leading up here.
Press: ? - help, v - describe, . - travel A stone staircase leading up.
Placed new exclusion.
Reduced exclusion size to a single square.
Unknown command.
Unknown command.
The gnoll shouts!
The gnoll hits you with a +0 flail.
You barely miss the gnoll. The gnoll hits you with a +0 flail.
You barely miss the gnoll. The gnoll misses you.
You hit the gnoll but do no damage. You punch the gnoll.
The gnoll is moderately wounded.
The gnoll hits you with a +0 flail!
* * * LOW HITPOINT WARNING * * *
The gnoll hits you with a +0 flail.
* * * LOW HITPOINT WARNING * * *
A gnoll comes into view. It is wielding a +0 spear.
Are you sure you want to shaft yourself?
The gnoll hits you with a +0 flail!
You die...

..............#
.......<.S....#
.##.D.##......# ###
###+### ..D....#
#......# #......#
......# #... .....#
##.... #.!.# #.....
#...# #..... # #..<#
##...# .# #...#
#....###.+ #...##
#........######....#
{#....<........@...#
#......#......g...#
#......#..........#
#......+..........#
+......#..........#
{
#...####..#########
##### #.g ..


You could see 2 gnolls.

Vanquished Creatures
  A necrophage (D:5)
  2 howler monkeys (D:4)
  A hound (D:5)
  An ufetubus (D:5)
  An orc (D:5)
  2 goblins (D:4)
  A hobgoblin (D:4)
9 creatures vanquished.

Notes
Turn   | Place    | Note
-------+----------+-------------------------------------------
     0 | D:5      | petzl the Formicid Delver began the quest for the Orb.
     0 | D:5      | Reached XP level 1. HP: 18/18 MP: 1/1
     8 | D:6      | Noticed a steam dragon
     8 | D:6      | Noticed a water moccasin
   108 | D:5      | Noticed an ogre
   182 | D:4      | Noticed a howler monkey
   190 | D:4      | Killed a howler monkey
   191 | D:4      | Reached XP level 2. HP: 23/25 MP: 2/2
   191 | D:4      | Reached XP level 3. HP: 27/30 MP: 3/3
   213 | D:4      | Found a burning altar of Makhleb.
   213 | D:4      | Noticed an Executioner
   216 | D:4      | Noticed a smoke demon
   216 | D:4      | Noticed a neqoxec
   329 | D:4      | Reached XP level 4. HP: 34/37 MP: 3/7
   346 | D:4      | Noticed a necrophage
   385 | D:4      | Noticed a scorpion
   580 | D:5      | Noticed a necrophage
   588 | D:5      | Noticed a scorpion
   593 | D:5      | Reached XP level 5. HP: 32/42 MP: 7/9
   626 | D:5      | You fall into a shaft and drop 1 floor!
   666 | D:6      | Noticed a steam dragon
   674 | D:6      | Slain by a gnoll

Illustrated notes

Levels and vault maps discovered:
D:4:      layout_rooms, vehumet_statue, makhleb_altar_promises_db,
          kennysheep_small_circle
D:5:      lemuel_insect_pit, layout_rooms, st_stairs_4, solitary_fountain
D:6:      layout_gridville, general_overflow_altar,
          nemelex_diamond_rough_becter, grunt_temple_overflow_forces_of_nature,
          kennysheep_generic_room_8, uniq_edmund

Skill      XL: |  1  2  3  4 |
---------------+-------------+-----
Dodging        | 2 |  2.2
Spellcasting   | 2 3 |  3.9
Fighting       | |  3.7
Maces & Flails | |  2.4
Stealth        | |  6.3

Action                     |  1- 3 |  4- 6 || total
---------------------------+-------+-------++-------
  Melee: Mace              |    30 |    29 ||    59
         Punch             |     2 |     3 ||     5
Ability: Shaft Self        |       |     2 ||     2
   Stab: Sleeping          |     2 |       ||     2
 Armour: Leather armour    |     9 |     9 ||    18
  Dodge: Dodged            |    13 |    34 ||    47

Table legend: (Time is in decaauts)
 A = Elapsed time spent in this place.
 B = Non-inter-level travel time spent in this place.
 C = Inter-level travel time spent in this place.
 D = Time resting spent in this place.
 E = Time spent auto-exploring this place.
 F = Levels seen in this place.
 G = Mean time per level.
                   A        B        C        D        E       F      G
               +--------+--------+--------+--------+--------+-----+--------+
         Total |    690 |    690 |      0 |    188 |     95 |   3 |  230.0 |
       Dungeon |    690 |    690 |      0 |    188 |     95 |   3 |  230.0 |
               +--------+--------+--------+--------+--------+-----+--------+

Top non-repeatable levels by time:
     D:4: 380 daAuts
     D:5: 288 daAuts
     D:6: 22 daAuts
